 Dungeon Crawl Stone Soup version 0.27-a0-1301-g128193abf8 (webtiles) character file.

Game seed: 18257686651305170734

42 Lanoc the Firebug (level 3, 0/24 HPs)
             Began as a Demonspawn Fire Elementalist on June 18, 2021.
             Slain by an adder (2 damage)
             ... on level 2 of the Dungeon.
             The game lasted 00:02:28 (1366 turns).

Lanoc the Firebug (Demonspawn Fire Elementalist)    Turns: 1366, Time: 00:02:29

Health: 0/24       AC:  2    Str:  8    XL:     3   Next: 35%
Magic:  1/6        EV: 12    Int: 17    God:
Gold:   20         SH:  0    Dex: 13    Spells: 5/6 levels left

rFire    . . .     SeeInvis .   (no weapon)
rCold    . . .     Faith    .   (no shield)
rNeg     . . .     Spirit   .   a - +0 robe
rPois    .         Reflect  .   (no helmet)
rElec    .         Harm     .   (no cloak)
rCorr    .         Rampage  .   (no gloves)
Will     .....                  (no boots)
Stlth    ++........             (no amulet)
HPRegen  0.08/turn              (no ring)
MPRegen  0.20/turn              (no ring)

@: no status effects
A: magic regeneration, demonic magic 1
a: no special abilities


You were on level 2 of the Dungeon.
You visited 1 branch of the dungeon, and saw 2 of its levels.

You collected 20 gold pieces.

Inventory:

Armour
 a - a +0 robe (worn)
Scrolls
 b - 2 scrolls of identify {unknown}
 c - a scroll of amnesia {unknown}
Potions
 d - a potion of might {unknown}
 e - a potion of resistance {unknown}
 f - a potion of curing {unknown}
 g - a potion of brilliance {unknown}


   Skills:
 + Level 2.4 Dodging
 - Level 1.7 Stealth
 - Level 2.0 Spellcasting
 - Level 1.0 Conjurations
 * Level 3.7 Fire Magic


You had 5 spell levels left.
You knew the following spells:

 Your Spells              Type           Power      Damage    Failure   Level
h - Foxfire               Conj/Fire      36%        2x1d5     8%          1

Your spell library contained the following spells:

 Spells                   Type           Power      Damage    Failure   Level
 Summon Small Mammal      Summ           4%         N/A       19%         1
 Conjure Flame            Conj/Fire      9%         6-21      22%         3
 Inner Flame              Hex/Fire       8%         N/A       26%         3
 Call Imp                 Summ           1%         N/A       28%         2
 Call Canine Familiar     Summ           1%         N/A       50%         3
 Summon Guardian Golem    Hex/Summ       1%         N/A       50%         3
 Sticky Flame             Conj/Fire      9%         2d3       58%         4
 Summon Ice Beast         Ice/Summ       1%         N/A       88%         4
 Summon Lightning Spire   Summ/Air       1%         N/A       88%         4
 Fireball                 Conj/Fire      4%         3d4       90%         5


Dungeon Overview and Level Annotations

Branches:
Dungeon (2/15)

Altars:


Innate Abilities, Weirdness & Mutations

You regenerate magic rapidly.
Spells you cast may paralyse adjacent enemies.


Message History

You don't have enough magic to cast this spell.
Casting: Foxfire (safe; 8% risk of failure)
Confirm with . or Enter, or press ? or * to list all spells.
You conjure some foxfire!
Malevolent energies surge around you.
You hit the adder but do no damage.
The adder is lightly wounded.
The foxfire hits the adder.
The adder is moderately wounded.
The adder bites you.
You are poisoned.
The adder poisons you!
The foxfire hits the adder.
The adder is severely wounded.
The adder bites you.
You are more poisoned.
The adder poisons you!
You feel very sick.
You feel very sick.
You feel sick. The adder closely misses you.
You feel sick.
You feel sick.
You feel sick. The adder bites you.
* * * LOW HITPOINT WARNING * * *
You feel sick.
You feel sick.
Your magical contamination has completely faded away.
You feel sick.
You are no longer poisoned.
Really walk into that dispersal trap?
You enter a dispersal trap!
The adder blinks! x3; You blink.
Found a glowing grey potion and 16 poisoned darts.
Casting: Foxfire (safe; 8% risk of failure)
Confirm with . or Enter, or press ? or * to list all spells.
You conjure some foxfire!
Malevolent energies surge around you.
Casting: Foxfire (safe; 8% risk of failure)
Confirm with . or Enter, or press ? or * to list all spells.
You conjure some foxfire!
Malevolent energies surge around you.
The foxfire hits the adder.
The adder is almost dead.
The adder bites you.
You die...

#...#.#.#.#.# #.#
#.#.#.#.#.#.# #.#
#.#.#.#.#.#.#########.###
#.#.....#.#..............
#.###.###.#..#########.##
#.........#^.# #..)
###.....§....# #.##
#.....v§...# #...
+....S@v...# ♣..'...
#.....v....# ♣..#.##
#..........# .....#.#
#..........# .... #.#
!.....#####.# #### #).
...... ... ... ..(... ...
.. ...... ..


You could see an adder (ally target).

Vanquished Creatures
  An adder (D:1)
  2 dart slugs (D:1)
  8 endoplasms
  A hobgoblin (D:1)
  2 quokkas
  2 ball pythons (D:1)
  3 bats (D:1)
  2 frilled lizards (D:1)
  4 goblins
  3 rats (D:1)
28 creatures vanquished.

Vanquished Creatures (others)
  124 foxfires
124 creatures vanquished.

Grand Total: 152 creatures vanquished

Notes
Turn   | Place    | Note
-------+----------+-------------------------------------------
     0 | D:1      | Lanoc the Demonspawn Fire Elementalist began the quest for
                  | the Orb.
     0 | D:1      | Reached XP level 1. HP: 13/13 MP: 3/3
   178 | D:1      | Reached skill level 3 in Fire Magic
   306 | D:1      | Gained mutation: You regenerate magic rapidly. [demonic
                  | ancestry]
   306 | D:1      | Reached XP level 2. HP: 19/19 MP: 1/5
  1106 | D:2      | Gained mutation: Spells you cast may paralyse adjacent
                  | enemies. [demonic ancestry]
  1106 | D:2      | Reached XP level 3. HP: 24/24 MP: 2/6
  1366 | D:2      | Slain by an adder

Illustrated notes

Levels and vault maps discovered:
D:1:      lightli_arrival_lavapool, layout_rooms, chequers_serial_rivers_large_a
D:2:      layout_basic, hellmonk_ecumenical_altar_inner_sanctum, uniq_natasha

Skill      XL: |  1 |
---------------+----+-----
Fire Magic     | 3 |  3.7
Dodging        | 2 |  2.4
Stealth        | |  1.7
Spellcasting   | |  2.0
Conjurations   | |  1.0

Action                   || total
-------------------------++-------
Melee: Unarmed           ||     7
 Cast: Foxfire           ||    84
Dodge: Dodged            ||     4

Table legend: (Time is in decaauts)
 A = Elapsed time spent in this place.
 B = Non-inter-level travel time spent in this place.
 C = Inter-level travel time spent in this place.
 D = Time resting spent in this place.
 E = Time spent auto-exploring this place.
 F = Levels seen in this place.
 G = Mean time per level.
                   A        B        C        D        E       F      G
               +--------+--------+--------+--------+--------+-----+--------+
         Total |   1374 |   1351 |     23 |      0 |   1167 |   2 |  687.0 |
       Dungeon |   1374 |   1351 |     23 |      0 |   1167 |   2 |  687.0 |
               +--------+--------+--------+--------+--------+-----+--------+

Top non-repeatable levels by time:
     D:1: 1103 daAuts
     D:2: 271 daAuts
